 Dungeon Crawl Stone Soup version 0.25-a0-1073-gf4359a17dd (webtiles) character file.

Game seed: 2445331284305176566, levelgen mode: deterministic

12005 Flugslaktarn the Cleaver (level 11, -11/150 HPs)
             Began as a Deep Dwarf Fighter on May 14, 2020.
             Was a High Priest of Makhleb.
             Mangled by Snorg (12 damage)
             ... on level 11 of the Dungeon.
             The game lasted 00:06:03 (6755 turns).

Flugslaktarn the Cleaver (Deep Dwarf Fighter)       Turns: 6755, Time: 00:06:03

Health: -11/150    AC: 17    Str: 21    XL:     11   Next: 56%
Magic:  12/12      EV:  8    Int: 10    God:    Makhleb [*****.]
Gold:   245        SH:  0    Dex: 11    Spells: 10/10 levels left

rFire    . . .     SeeInvis .   g - +3 battleaxe (freeze) (curse)
rCold    . . .     Gourm    .   (shield currently unavailable)
rNeg     . . .     Faith    .   H - +0 plate armour
rPois    .         Spirit   .   y - +0 helmet
rElec    .         Reflect  .   u - +1 cloak
rCorr    .         Harm     .   (no gloves)
MR       +....                  (no boots)
Stlth    ..........             (no amulet)
HPRegen  0.00/turn              (no ring)
MPRegen  0.13/turn              (no ring)

@: berserking, non-regenerating, very quick
A: damage resistance, heal wounds, clumsy 1, sense surroundings 2, MP-powered
wands, no regeneration
a: Heal Wounds, Minor Destruction, Lesser Servant of Makhleb, Major Destruction,
Greater Servant of Makhleb, Renounce Religion


You were on level 11 of the Dungeon.
You worshipped Makhleb.
Makhleb was extremely pleased with you.
You were not hungry.

You visited 2 branches of the dungeon, and saw 13 of its levels.
You also visited: Ossuary.

You collected 533 gold pieces.
You spent 288 gold pieces at shops.

Inventory:

Hand Weapons
 a - a +1 war axe of freezing
 g - a cursed +3 battleaxe of freezing (weapon)
   (You took it off a wight on level 8 of the Dungeon)
 l - a +4 dagger of distortion
   (You took it off Psyche on level 8 of the Dungeon)
Armour
 c - a +0 kite shield
 h - +0 swamp dragon scales
   (You took it off Maggie on level 8 of the Dungeon)
 u - a +1 cloak (worn)
   (You found it on level 5 of the Dungeon)
 y - a +0 helmet (worn)
   (You found it on level 4 of the Dungeon)
 H - a +0 plate armour (worn)
   (You found it on level 7 of the Dungeon)
Wands
 b - a wand of iceblast (14)
   (You found it on level 7 of the Dungeon)
 p - a wand of acid (5)
   (You found it on level 4 of the Dungeon)
 E - a wand of paralysis (6)
   (You found it on level 5 of the Dungeon)
 F - a wand of clouds (4)
   (You found it on level 9 of the Dungeon)
Scrolls
 f - a scroll of fear
 j - 2 scrolls of silence
 r - a scroll of identify
 t - 7 scrolls of teleportation
 v - a scroll of enchant armour
 x - 6 scrolls of remove curse
 z - a scroll of blinking
 C - 2 scrolls of enchant weapon
 D - 2 scrolls of magic mapping
 I - a scroll of immolation
Potions
 d - a potion of might
 i - 2 potions of magic
 k - 3 potions of berserk rage
 n - 2 potions of stabbing
 o - 2 potions of haste
 q - 5 potions of curing
 s - 3 potions of brilliance
 w - 2 potions of heal wounds
 A - 2 potions of cancellation
 B - 3 potions of lignification
 G - a potion of flight
Comestibles
 e - 12 rations
 m - 6 chunks of flesh


   Skills:
 + Level 7.5 Fighting
 * Level 11.7 Axes
 + Level 9.0 Armour
 + Level 4.6 Dodging
 - Level 7.4 Shields
 - Level 8.0 Invocations
 - Level 6.0 Evocations


You had 10 spell levels left.
You didn't know any spells.
Your spell library was empty.

Dungeon Overview and Level Annotations

Branches:
Dungeon (12/15)            Temple (1/1) D:4         Ossuary (visited)
   Lair: D:8-11         Orc: D:9-12

Altars:
Ashenzari
Cheibriados
Dithmenos
Elyvilon
Fedhas
Gozag
Hepliaklqana
Kikubaaqudgha
Makhleb
Nemelex Xobeh
Qazlal
Ru
Sif Muna
Trog
Uskayaw
Vehumet
Xom
Yredelemnul
Zin
The Shining One

Shops:
D:9 !

Annotations:
D:11 Snorg


Innate Abilities, Weirdness & Mutations

You are resistant to damage.
You can heal yourself by infusing magical energy.
You passively map the area around you.
You do not regenerate.
You are clumsy. (Dex -2)
You expend magic power (3 MP) to strengthen your wands.


Message History

You feel much better. Snorg bites you!
* * * LOW HITPOINT WARNING * * *
Snorg claws you. Snorg closely misses you.
You feel much better. Snorg bites you! Snorg claws you!
* * * LOW HITPOINT WARNING * * *
Snorg claws you but does no damage. Snorg bites you!
* * * LOW HITPOINT WARNING * * *
Snorg claws you but does no damage. Snorg claws you!
* * * LOW HITPOINT WARNING * * *
You feel much better. Snorg bites you!
* * * LOW HITPOINT WARNING * * *
Snorg claws you!
* * * LOW HITPOINT WARNING * * *
Snorg claws you!
* * * LOW HITPOINT WARNING * * *
A red film seems to cover your vision as you go berserk!
You feel yourself moving faster!
You feel mighty! Snorg bites you!
* * * LOW HITPOINT WARNING * * *
Snorg claws you but does no damage. Snorg claws you!
You die...

##+###### #.. , #..# #.#
,* #####..##### #.# * *
####..........# #.# * ,
.....####.....# #.# ,
..?.##..##....# ###'#
....#.(.$'....# #.... *
,, ....#$..)#....## *
+.... * ,
....##.@#####..###.#....
,
.....##T###$##.....#....
*
##.#'###c'?..#..########
, , #.##!.Zo###?##..# #.
* #.#/..$.#.###..## #. *
#.#..$..#.....## #.
#.#)((..#.....# #.
#.##.).##)###.# ###'
###+###.#####.####'####
#...


You could see Snorg (berserk), a centaur, an orc and a centaur skeleton.

Vanquished Creatures
  2 unseen horrors
  Pikel (D:9)
  Psyche (D:8)
  A gargoyle (D:11)
  Maggie (D:8)
  3 trolls
  Grinder (D:4)
  A hornet (D:11)
  2 hippogriffs
  4 slime creatures (D:12)
  Prince Ribbit (D:6)
  A human (D:11)
  A wyvern (D:11)
  Eustachio (D:5)
  A steam dragon (D:7)
  A hungry ghost (D:9)
  Grum (D:8)
  Edmund (D:5)
  Menkaure (D:5)
  A soldier ant (D:11)
  An acid dragon (D:12)
  2 water moccasins
  2 orc warriors
  An ice beast (D:8)
  Duvessa (D:6)
  4 ogres
  4 wolves (D:8)
  4 sky beasts
  A phantom (D:4)
  2 centaurs
  5 bullfrogs
  3 big kobolds
  Dowan (D:6)
  A water moccasin skeleton (D:8)
  3 scorpions
  3 wights (D:8)
  25 killer bees
  2 howler monkeys
  4 crimson imps
  4 bullfrog zombies
  3 centaur zombies
  4 jellies
  7 hounds
  4 orc priests
  2 human zombies (Ossuary)
  2 bullfrog skeletons
  A centaur skeleton (D:11)
  6 orc wizards
  Ijyb (D:5)
  3 iguanas
  6 worker ants
  3 ogre zombies (Ossuary)
  3 hound skeletons
  7 mummies (Ossuary)
  A worker ant zombie (D:5)
  4 gnolls
  8 adders
  6 shadow imps
  7 adder zombies
  An adder skeleton (D:4)
  A worm (D:2)
  A dart slug (D:4)
  6 leopard geckos
  24 orcs
  4 bats
  5 giant cockroaches
  A goblin (D:3)
  2 jackals (D:6)
  9 kobolds
  2 quokkas
  A ball python (D:5)
  2 frilled lizards
  4 goblin zombies (Ossuary)
  3 hobgoblin zombies (Ossuary)
  A kobold zombie (Ossuary)
  A quokka skeleton (D:8)
  6 quokka zombies (Ossuary)
  A rat (D:2)
  5 rat zombies
258 creatures vanquished.

Notes
Turn   | Place    | Note
-------+----------+-------------------------------------------
     0 | D:1      | Flugslaktarn the Deep Dwarf Fighter began the quest for the
                  | Orb.
     0 | D:1      | Reached XP level 1. HP: 20/20 MP: 1/1
   261 | D:2      | Reached XP level 2. HP: 27/27 MP: 2/2
   269 | D:3      | Noticed a big kobold
   279 | D:3      | Killed a big kobold
   279 | D:3      | Reached skill level 3 in Axes
   279 | D:3      | Reached XP level 3. HP: 23/34 MP: 3/3
   279 | D:3      | Reached XP level 4. HP: 29/42 MP: 4/4
   457 | D:4      | Noticed Grinder
   469 | D:4      | Paralysed by Grinder for 4 turns
   478 | D:4      | Paralysed by Grinder for 3 turns
   492 | D:4      | Killed Grinder
   492 | D:4      | Reached skill level 4 in Axes
   492 | D:4      | Reached XP level 5. HP: 37/50 MP: 5/5
   492 | D:4      | Reached XP level 6. HP: 42/57 MP: 6/6
   582 | D:4      | Reached skill level 5 in Axes
   892 | D:4      | Reached XP level 7. HP: 31/64 MP: 7/7
   896 | D:4      | Found a staircase to the Ecumenical Temple.
   959 | Temple   | Entered the Ecumenical Temple
  1046 | Temple   | Became a worshipper of Makhleb the Destroyer
  1235 | D:5      | Entered Level 5 of the Dungeon
  1251 | D:5      | Noticed Ijyb
  1317 | D:5      | Killed Ijyb
  1317 | D:5      | Reached skill level 5 in Armour
  1317 | D:5      | Reached skill level 5 in Shields
  1373 | D:5      | Reached skill level 1 in Invocations
  1443 | D:5      | Noticed Edmund
  1459 | D:5      | Killed Edmund
  1459 | D:5      | Reached skill level 6 in Axes
  1562 | D:5      | Noticed Eustachio
  1596 | D:5      | Killed Eustachio
  1681 | D:5      | Reached XP level 8. HP: 50/73 MP: 8/10
  1904 | D:5      | Noticed Menkaure
  1912 | D:5      | Killed Menkaure
  1912 | D:5      | Reached skill level 7 in Axes
  2149 | D:5      | Reached * piety under Makhleb
  2325 | D:6      | Reached skill level 5 in Fighting
  2348 | D:6      | Found a hide-covered altar of Uskayaw.
  2400 | D:6      | Noticed Prince Ribbit
  2401 | D:6      | Noticed Dowan
  2411 | D:6      | Noticed Duvessa
  2425 | D:6      | Killed Duvessa
  2425 | D:6      | Reached skill level 8 in Axes
  2427 | D:6      | Killed Dowan
  2427 | D:6      | Gained mutation: You passively map the area around you.
                  | [Deep Dwarf growth]
  2427 | D:6      | Reached XP level 9. HP: 39/81 MP: 12/12
  2441 | D:6      | Killed Prince Ribbit
  2523 | D:6      | Found a glowing golden altar of the Shining One.
  2660 | D:6      | Found a hazy altar of Hepliaklqana.
  2828 | D:7      | Reached skill level 5 in Invocations
  2917 | D:7      | Found a sand-covered staircase.
  2929 | Ossuary  | Entered an ossuary
  2967 | Ossuary  | Reached ** piety under Makhleb
  3398 | D:7      | Reached skill level 9 in Axes
  3948 | D:7      | Noticed a troll
  3961 | D:7      | Killed a troll
  4051 | D:8      | Noticed Maggie
  4084 | D:8      | Reached *** piety under Makhleb
  4085 | D:8      | Killed Maggie
  4109 | D:8      | Reached XP level 10. HP: 78/91 MP: 13/13
  4365 | D:8      | Noticed Psyche
  4371 | D:8      | Killed Psyche
  4371 | D:8      | Reached skill level 1 in Dodging
  4559 | D:8      | Reached skill level 10 in Axes
  4662 | D:8      | Noticed Grum
  4718 | D:8      | Killed Grum
  4829 | D:8      | Found a basalt altar of Yredelemnul.
  4830 | D:8      | Found a shimmering altar of Xom.
  5071 | D:9      | Reached **** piety under Makhleb
  5158 | D:9      | Found a blossoming altar of Fedhas.
  5208 | D:9      | Found Fapsiq's Distillery.
  5219 | D:9      | Bought a potion of mutation for 128 gold pieces
  5219 | D:9      | Bought a potion of haste for 160 gold pieces
  5222 | D:9      | Gained mutation: You are clumsy. (Dex -2) [potion of
                  | mutation]
  5222 | D:9      | Gained mutation: You expend magic power (3 MP) to
                  | strengthen your wands. [potion of mutation]
  5419 | D:9      | Noticed Pikel
  5425 | D:9      | Killed Pikel
  5425 | D:9      | Reached skill level 11 in Axes
  5523 | D:9      | Killed an unseen horror
  5523 | D:9      | Reached XP level 11. HP: 35/100 MP: 15/15
  5874 | D:10     | Entered Level 10 of the Dungeon
  5945 | D:10     | You fall into a shaft and drop 2 floors!
  6054 | D:12     | Reached skill level 5 in Evocations
  6077 | D:12     | Killed an unseen horror
  6159 | D:12     | Reached ***** piety under Makhleb
  6713 | D:11     | Paralysed by a hornet for 2 turns
  6726 | D:11     | Noticed Snorg
  6755 | D:11     | HP: 1/150 [Snorg (11)]
  6755 | D:11     | Mangled by Snorg

Illustrated notes

Levels and vault maps discovered:
D:1:      minmay_arrival_loop, layout_loops_ring
D:2:      layout_basic, first_ration, uniq_sigmund
D:3:      layout_basic, lemuel_crystal_altar, chequers_ecumenical_altar_grove,
          trog_butcher_becter, uniq_robin
D:4:      layout_loops_ring, minmay_temple_entry_drinking_statues,
          moated_statue, uniq_grinder
D:5:      layout_gridville, cheibrodos_gnoll_hut, uniq_eustachio, uniq_menkaure,
          uniq_ijyb, uniq_edmund
D:6:      layout_rooms, lemuel_coloured_pillars_altar,
          eat_drink_and_be_merry_uskayaw, tso_altar, uniq_duvessa,
          uniq_prince_ribbit1
D:7:      layout_basic, enter_ossuary_3, palyth_stone_intersect
D:8:      layout_cave_pods, gammafunk_temple_overflow_wave, uniq_grum,
          uniq_maggie, uniq_psyche
D:9:      layout_stronghold, lemuel_round_altar, serial_shops,
          nicolae_shop_window_shopping, uniq_pikel
D:10:     layout_basic, dpeg_lair_monsters, uniq_erolcha
D:11:     layout_roguey, grunt_pizzeria, chequers_jeans, minmay_joined_circles,
          uniq_snorg
D:12:     layout_long_grid, orc_0_dummy, basic_altar,
          kennysheep_generic_room_15, uniq_maurice
Temple:   eino_temple_scatter_basement

Skill      XL: |  1  2  3  4  5  6  7  8  9 10 11 |
---------------+----------------------------------+-----
Fighting       | 3 4 5 6 7 |  7.5
Axes           | 3 4 5 6 8 9 11 | 11.7
Armour         | 4 5 6 7 8 9 |  9.0
Shields        | 4 5 6 7 |  7.4
Invocations    | 2 4 6 8 |  8.0
Dodging        | 3 4 |  4.6
Evocations     | 3 6 |  6.0

Action                   |  1- 3 |  4- 6 |  7- 9 | 10-12 || total
-------------------------+-------+-------+-------+-------++-------
Melee: War axe           |    29 |    93 |   548 |   112 ||   782
       Battleaxe         |       |       |       |   340 ||   340
 Abil: Heal Wounds       |       |     4 |    13 |    15 ||    32
Evoke: Wand              |       |       |       |     4 ||     4
  Use: Potion            |       |     1 |       |     3 ||     4
       Scroll            |       |     1 |    15 |     6 ||    22
  Eat: Chunk             |       |       |     8 |     9 ||    17
       Ration            |       |       |     1 |     1 ||     2
Armor: Scale mail        |    16 |    14 |       |       ||    30
       Chain mail        |       |    19 |   223 |       ||   242
       Plate armour      |       |       |    37 |   568 ||   605
Dodge: Dodged            |    12 |    23 |   125 |   251 ||   411
Block: Kite shield       |    21 |    43 |   321 |    91 ||   476

Table legend:
 A = Non-vault XP
 B = Vault XP
 C = Vault XP percentage of total XP
 D = Non-vault monster count
 E = Vault monster count
 F = Vault count percentage of total count
                 A         B        C        D         E       F
            +---------+---------+-------+---------+---------+-------
      Total |   11460 |    5690 |  33.2 |     189 |      69 |  26.7
            +---------+---------+-------+---------+---------+-------
        D:1 |       3 |       0 |   0.0 |       2 |       0 |   0.0
        D:2 |      11 |       0 |   0.0 |       6 |       0 |   0.0
        D:3 |      97 |       0 |   0.0 |       4 |       0 |   0.0
        D:4 |     389 |     281 |  41.9 |      15 |       1 |   6.2
        D:5 |     478 |     685 |  58.9 |      17 |       7 |  29.2
        D:6 |     812 |     467 |  36.5 |      26 |       3 |  10.3
        D:7 |    1264 |       1 |   0.1 |      15 |       1 |   6.2
        D:8 |    1063 |    1541 |  59.2 |      20 |       7 |  25.9
        D:9 |    3094 |     593 |  16.1 |      47 |       1 |   2.1
       D:10 |     165 |       0 |   0.0 |       5 |       0 |   0.0
       D:11 |     867 |    1696 |  66.2 |      12 |      12 |  50.0
       D:12 |    3217 |       0 |   0.0 |      20 |       0 |   0.0
    Ossuary |       0 |     426 | 100.0 |       0 |      37 | 100.0
            +---------+---------+-------+---------+---------+-------
